 Dungeon Crawl Stone Soup version 0.29-a0-251-g80730f7218 (webtiles) character file.

Game seed: 7776653462649678364

1336 spaghetti the Grappler (level 8, 0/62 HPs)
             Began as a Naga Chaos Knight on Mar 5, 2022.
             Was a Plaything of Xom.
             Slain by a gnoll
             ... wielding a +0 flail
              (5 damage)
             ... on level 6 of the Dungeon.
             The game lasted 00:08:50 (6575 turns).

spaghetti the Grappler (Naga Chaos Knight)          Turns: 6575, Time: 00:08:51

Health: 0/62       AC:  5    Str: 12 (16) XL:     8   Next: 61%
Magic:  8/8        EV:  9    Int: 13      God:    Xom [...*..]
Gold:   393        SH:  0    Dex:  3 (11) Spells: 7/7 levels left

rFire   . . .      SeeInvis +     - Unarmed
rCold   . . .      Faith    .   (no shield)
rNeg    . . .      Spirit   .   g - +0 troll leather armour {Pargi}
rPois   +          Reflect  .   t - +1 hat
rElec   .          Harm     .   (no cloak)
rCorr   .          Rampage  .   (no gloves)
Will    +....                   (no barding)
Stlth   ..........              (no amulet)
HPRegen 1.00/turn               h - +4 ring of slaying
MPRegen 0.11/turn               (no ring)

@: about to teleport, very slow
A: AC +2, large, see invisible, deformed body, poison resistance, slowness 2,
spit poison 1, naga tail 1, deterioration 2, frail 1, screaming 1
a: Spit Poison, Renounce Religion


You were on level 6 of the Dungeon.
You worshipped Xom.
You were a favourite toy of Xom.
You visited 1 branch of the dungeon, and saw 7 of its levels.

You collected 1407 gold pieces.
You spent 1014 gold pieces at shops.


Innate Abilities, Weirdness & Mutations

Your serpentine skin is tough. (AC +2)
You have supernaturally acute eyesight. (SInv)
Armour fits poorly on your strangely shaped body.
Your system is resistant to poisons. (rPois)
You cover ground very slowly.
You can spit poison.
You have a snake-like lower body.
Your body often deteriorates upon taking damage.
You are frail. (-10% HP)
You occasionally shout uncontrollably at your foes.


   Skills:
 - Level 3.0 Fighting
 - Level 1.5 Armour
 - Level 0.7 Dodging
 + Level 9.4 Unarmed Combat
 - Level 5.0 Evocations


You had 7 spell levels left.
You didn't know any spells.
Your spell library was empty.

Inventory:

Missiles
 b - 160 stones {throwing}
 d - 3 javelins {throwing}
 p - 12 poisoned darts {throwing}
 v - a throwing net {=f!fthrowing}
Armour
 a - a +2 leather armour
 g - a +0 troll leather armour (worn) {Pargi}
   (You found it on level 4 of the Dungeon)
 t - a +1 hat (worn)
   (You found it on level 4 of the Dungeon)
Magical Staves
 n - a staff of poison {!astaff}
   (You found it on level 4 of the Dungeon)
 o - a staff of conjuration {!a@e2staff}
   (You found it on level 4 of the Dungeon)
Jewellery
 h - a +4 ring of slaying (left hand)
   (You bought it in a shop on level 2 of the Dungeon)
Wands
 i - a wand of polymorph (12)
   (You found it on level 2 of the Dungeon)
 j - a wand of iceblast (9)
   (You found it on level 2 of the Dungeon)
Scrolls
 c - 2 scrolls of enchant weapon
 e - 2 scrolls of identify {@r1}
 m - a scroll of vulnerability {!r!r}
 r - a scroll of magic mapping {!r}
Potions
 w - a potion of resistance

Dungeon Overview and Level Annotations

Branches:
Dungeon (7/15)
 Temple: D:4-7

Altars:
Cheibriados
Nemelex Xobeh
Ru
Xom
The Shining One

Shops:
D:2 =

Portals:
Ossuary: D:6

Annotations:
D:2 exclusion: door
D:4 2 transporters, avis's ghost, amateur HOMo

#.#.###.# #.
#....
.............
. ...
...........
.....#
?........
..#.#
##....8..#
.>. ..
#........#
#...8.∩.8#
#......(.#
#...@8..##
#.g.g....#
#...#
###.gg####.#
#... #...g.#
# #...
#...gY# ...
........# #..
#.# ###......
#.# #.# <#
#.......
###.#### #.#
.# #.#####.
#......#


You could see a sky beast, a gnoll shaman and 5 gnolls.


Message History

You feel strangely unstable. The gnoll hits you with a +0 club.
* * * LOW HITPOINT WARNING * * *
The gnoll shaman prays to its god.
The gnoll shaman is healed somewhat.
The gnoll barely misses you.
The gnoll hits you from afar with a +0 spear.
* * * LOW HITPOINT WARNING * * *
😱 HP[-7]
You take 7 damage, and now have 9/62 hp.
Unknown command.
Unknown command.
You are confused.
You feel invigorated. The gnoll shaman barely misses you.
The gnoll hits you with a +0 club!
* * * LOW HITPOINT WARNING * * *
Your body deteriorates!
You feel clumsy.
The gnoll hits you from afar with a +0 spear.
* * * LOW HITPOINT WARNING * * *
Unknown command.
Unknown command. 😱 HP[-5]
You take 5 damage, and now have 4/62 hp.
Unknown command.
Unknown command.
You bump into the rock wall.
The gnoll closely misses you. The gnoll shaman barely misses you.
The gnoll hits you with a +0 club.
* * * LOW HITPOINT WARNING * * *
The gnoll hits you from afar with a +0 spear.
* * * LOW HITPOINT WARNING * * *
😱 HP[-1]
You take 1 damage, and now have 3/62 hp.
You bump into the rock wall.
Your surroundings suddenly seem different.
A sky beast and a gnoll come into view.
You yell at the gnoll!
Found a sand-covered staircase and a stone staircase leading up.
The gnoll shaman shouts!
The gnoll shouts! x3; You hear a shout!
The gnoll barely misses you.
The gnoll hits you from afar with a +0 spear.
* * * LOW HITPOINT WARNING * * *
😱 HP[+3]
You regained 3 hp, and now have 6/62 hp.
You are too confused!
Unknown command.
You barely miss the gnoll. The gnoll closely misses you.
The gnoll barely misses you. The gnoll hits you but does no damage.
The gnoll closely misses you. 😱 HP[+5]
You regained 5 hp, and now have 11/62 hp.
The gnoll misses you. The gnoll hits you with a +0 spear.
* * * LOW HITPOINT WARNING * * *
The gnoll hits you with a +0 whip.
* * * LOW HITPOINT WARNING * * *
The gnoll barely misses you. The gnoll closely misses you.
The gnoll hits you with a +0 whip.
* * * LOW HITPOINT WARNING * * *
😱 HP[+3]
You regained 3 hp, and now have 14/62 hp.
Unknown command.
You're too confused to move!
You hear the brisk hiss of an avalanche of sand.
The gnoll misses you.
The gnoll hits you from afar with a +0 spear.
* * * LOW HITPOINT WARNING * * *
The gnoll hits you but does no damage. The gnoll hits you with a +0 whip.
* * * LOW HITPOINT WARNING * * *
The gnoll hits you with a +0 spear.
* * * LOW HITPOINT WARNING * * *
😱 HP[-5]
You take 5 damage, and now have 9/62 hp.
Unknown command.
Unknown command.
Unknown command.
You feel less invigorated.
You feel less confused.
The gnoll hits you from afar with a +0 spear.
* * * LOW HITPOINT WARNING * * *
The gnoll closely misses you. 😱 HP[+3]
You regained 3 hp, and now have 12/62 hp.
Unknown command.
Okay, then.
As you read the scroll of teleportation {@r4}, it crumbles to dust.
You feel strangely unstable. The gnoll barely misses you.
The gnoll hits you from afar with a +0 spear!
* * * LOW HITPOINT WARNING * * *
The gnoll hits you from afar with a +0 spear.
* * * LOW HITPOINT WARNING * * *
😱 HP[-8]
You take 8 damage, and now have 4/62 hp.
Unknown command.
Unknown command.
Unknown command.
The gnoll shaman calls upon its god to speed up the gnoll.
The gnoll seems to speed up.
The gnoll throws a throwing net.
The throwing net barely misses you. The gnoll hits you with a +0 flail.
You die...
Xom roars with laughter!

Skill      XL: |  1  2  3  4  5  6  7  8 |
---------------+-------------------------+-----
Unarmed Combat | 4 5 6 7 9 |  9.4
Evocations     | 2 3 5 |  5.0
Fighting       | |  3.0
Armour         | |  1.5
Dodging        | |  0.7

Action                   |  1- 3 |  4- 6 |  7- 9 || total
-------------------------+-------+-------+-------++-------
Melee: Unarmed           |   143 |   126 |   119 ||   388
       Punch             |       |     4 |     8 ||    12
 Abil: Spit Poison       |     6 |     3 |     4 ||    13
Evoke: Wand              |       |     1 |       ||     1
  Use: Potion            |     3 |     1 |     4 ||     8
       Scroll            |     3 |     6 |     4 ||    13
Armor: Leather armour    |    66 |    57 |       ||   123
       Troll leather arm |       |     1 |    60 ||    61
       Skin              |       |       |    10 ||    10
Dodge: Dodged            |    77 |    64 |    97 ||   238

Levels and vault maps discovered:
D:1:      tarquinn_simple_flora_water_e, layout_basic, minmay_tetromino_t4
D:2:      layout_basic, chequers_ecumenical_altar_island, serial_shops, shop
D:3:      layout_basic, nemelex_dance_club_becter,
          amcnicky_mini_corridor_feature
D:4:      layout_layer_cave, gammafunk_ghost_arena, uniq_pargi
D:5:      layout_loops_ring, kennysheep_mini, minitemple
D:6:      layout_loops_cross, serial_shops, shop_coins,
          nicolae_ossuary_entry_monument, uniq_sigmund
D:7:      layout_cave_pools, minmay_temple_entry_slanted, nrook_campfire,
          hangedman_feature_mirror

Notes
Turn   | Place    | Note
-------+----------+-------------------------------------------
     0 | D:1      | spaghetti the Naga Chaos Knight began the quest for the
                  | Orb.
     0 | D:1      | Reached XP level 1. HP: 21/21 MP: 1/1
     0 | D:1      | magus.rc [v1.9.6]
    30 | D:1      | XOM: divination: detect creatures
   167 | D:1      | Reached XP level 2. HP: 21/28 MP: 2/2
   262 | D:1      | XOM is BORED!
   262 | D:1      | XOM: give mutations
   262 | D:1      | Gained mutation: You occasionally shout uncontrollably at
                  | your foes. [Xom's mischief]
   262 | D:1      | Gained mutation: Your body sometimes deteriorates upon
                  | taking damage. [Xom's mischief]
   473 | D:1      | Reached skill level 4 in Unarmed Combat
   481 | D:1      | HP: 5/28 [endoplasm (3)]
   741 | D:1      | Reached XP level 3. HP: 33/34 MP: 3/3
  1092 | D:1      | XOM: silly message
  1666 | D:1      | XOM: cloud trail
  1670 | D:1      | XOM: silly message
  1859 | D:2      | XOM: silly message
  2005 | D:2      | XOM: noise
  2014 | D:2      | HP: 8/34 [adder (4)]
  2016 | D:2      | Reached XP level 4. HP: 11/42 MP: 4/4
  2023 | D:2      | HP: 7/42 [frozen (5)]
  2025 | D:2      | HP: 2/42 [dart slug/slug dart (5)]
  2227 | D:2      | XOM: noise
  2329 | D:2      | Found Vuirufy's Jewellery Shop.
  2340 | D:2      | Reached skill level 5 in Unarmed Combat
  2434 | D:2      | XOM: noise
  2645 | D:2      | XOM is BORED!
  2645 | D:2      | XOM: noise
  2688 | D:2      | Found a faded altar of an unknown god.
  2905 | D:3      | XOM: silly message
  2939 | D:3      | Identified a scroll of acquirement
  2943 | D:3      | Acquired 1176 gold pieces
  2995 | D:2      | Bought a +4 ring of slaying for 1014 gold pieces
  3178 | D:3      | XOM: silly message
  3409 | D:3      | Found a sparkling altar of Nemelex Xobeh.
  3485 | D:3      | Reached XP level 5. HP: 48/49 MP: 5/5
  3761 | D:4      | Reached skill level 1 in Evocations
  3987 | D:4      | XOM is BORED!
  4044 | D:4      | Reached skill level 2 in Evocations
  4120 | D:4      | Reached skill level 6 in Unarmed Combat
  4120 | D:4      | Reached XP level 6. HP: 48/56 MP: 6/6
  4336 | D:4      | Noticed Pargi
  4348 | D:4      | Killed Pargi
  4349 | D:4      | Reached skill level 3 in Evocations
  4594 | D:4      | Found a transporter.
  4596 | D:4      | Noticed avis's ghost (amateur HOMo)
  4626 | D:4      | Found a transporter.
  4654 | D:4      | XOM: enchant monster (bad)
  4654 | D:4      | XOM: butterfly on damage
  4658 | D:4      | Reached XP level 7. HP: 28/62 MP: 7/7
  4734 | D:4      | XOM: give mutations
  4734 | D:4      | Gained mutation: Your body often deteriorates upon taking
                  | damage. [Xom's mischief]
  4734 | D:4      | Gained mutation: You are frail. (-10% HP) [Xom's mischief]
  4944 | D:4      | XOM: cloud trail
  5340 | D:5      | Entered Level 5 of the Dungeon
  5356 | D:5      | Reached skill level 4 in Evocations
  5386 | D:5      | Reached skill level 7 in Unarmed Combat
  5658 | D:5      | HP: 7/55 [centaur/arrow (12)]
  5659 | D:5      | HP: 3/55 [centaur (5)]
  5664 | D:5      | HP: 8/82 [centaur (1)]
  5767 | D:5      | Found a sacrificial altar of Ru.
  5773 | D:5      | Found a glowing golden altar of the Shining One.
  5864 | D:5      | Found a snail-covered altar of Cheibriados.
  5910 | D:5      | Reached skill level 5 in Evocations
  5914 | D:5      | Reached XP level 8. HP: 49/62 MP: 8/8
  5978 | D:5      | XOM: summons 4 hostile demons
  6367 | D:6      | Reached skill level 8 in Unarmed Combat
  6374 | D:6      | XOM: 1-stop teleportation journey
  6411 | D:6      | XOM: polymorph gnoll -> jelly
  6522 | D:6      | Noticed Sigmund
  6539 | D:6      | Killed Sigmund
  6540 | D:6      | Reached skill level 9 in Unarmed Combat
  6555 | D:7      | Noticed a deep elf pyromancer
  6555 | D:7      | Found a shimmering altar of Xom.
  6557 | D:6      | Identified +0 pearl dragon scales
  6566 | D:6      | HP: 15/62 [gnoll/+0 club (2)]
  6567 | D:6      | HP: 7/62 [gnoll/+0 club (7)]
  6568 | D:6      | HP: 3/62 [gnoll/+0 spear (1)]
  6569 | D:6      | Found a sand-covered staircase.
  6573 | D:6      | HP: 12/62 [gnoll/+0 spear (5)]
  6574 | D:6      | HP: 4/62 [gnoll/+0 spear (2)]
  6575 | D:6      | Slain by a gnoll

Vanquished Creatures
  Sigmund (D:6)
  Pargi (D:4)
  A sky beast (D:5)
  2 ogres
  A centaur (D:5)
  2 bullfrogs (D:6)
  2 scorpions
  A gnoll sergeant (D:6)
  2 hounds
  3 jellies
  3 iguanas
  6 gnolls
  6 adders
  A white imp (D:5)
  A worm (D:2)
  5 dart slugs
  2 orcs
  5 bats
  13 endoplasms
  2 giant cockroaches
  6 goblins
  8 hobgoblins
  3 jackals (D:1)
  A quokka (D:2)
  12 ball pythons
  9 frilled lizards
  8 kobolds
  6 rats
113 creatures vanquished.

Table legend:
 A = Non-vault XP
 B = Vault XP
 C = Vault XP percentage of total XP
 D = Non-vault monster count
 E = Vault monster count
 F = Vault count percentage of total count
                 A         B        C        D         E       F
            +---------+---------+-------+---------+---------+-------
      Total |    1545 |     364 |  19.1 |     105 |       8 |   7.1
            +---------+---------+-------+---------+---------+-------
        D:1 |      51 |       4 |   7.3 |      31 |       4 |  11.4
        D:2 |      66 |       0 |   0.0 |      21 |       0 |   0.0
        D:3 |      46 |       5 |   9.8 |      18 |       2 |  10.0
        D:4 |     362 |     132 |  26.7 |      13 |       1 |   7.1
        D:5 |     630 |       0 |   0.0 |      14 |       0 |   0.0
        D:6 |     390 |     223 |  36.4 |       8 |       1 |  11.1
            +---------+---------+-------+---------+---------+-------

Illustrated notes

Table legend:
 A = Kills in this place as a percentage of kills in entire the game.
 B = Kills by you in this place as a percentage of kills by you in the entire game.
 C = Kills by friends in this place as a percentage of kills by friends in the entire game.
 D = Other kills in this place as a percentage of other kills in the entire game.
 E = Experience gained in this place as a percentage of experience gained in the entire game.
 F = Experience gained in this place divided by the number of levels of this place that you have seen.
                   A       B       C       D       E      F
               +-------+-------+-------+-------+-------+----------------------
         Total | 100.0 | 100.0 |   N/A |   N/A | 100.0 | 272.7
       Dungeon | 100.0 | 100.0 |   N/A |   N/A | 100.0 | 272.7
               +-------+-------+-------+-------+-------+----------------------

Table legend: (Time is in decaauts)
 A = Elapsed time spent in this place.
 B = Non-inter-level travel time spent in this place.
 C = Inter-level travel time spent in this place.
 D = Time resting spent in this place.
 E = Time spent auto-exploring this place.
 F = Levels seen in this place.
 G = Mean time per level.
                   A        B        C        D        E       F      G
               +--------+--------+--------+--------+--------+-----+--------+
         Total |   8040 |   7727 |    313 |   1217 |   5577 |   7 | 1148.6 |
       Dungeon |   8040 |   7727 |    313 |   1217 |   5577 |   7 | 1148.6 |
               +--------+--------+--------+--------+--------+-----+--------+

Top non-repeatable levels by time:
     D:4: 2086 daAuts
     D:1: 1969 daAuts
     D:2: 1425 daAuts
     D:5: 1293 daAuts
     D:3: 1004 daAuts
     D:6: 259 daAuts
     D:7: 1 daAuts
